cohdb
Replays
Latest Replays
All Replays
Popular Replays
Top Player Replays
Match Explorer
How It Works
Community
CoH3 Stats
Reddit
Sign in to upload your games and track your stats! →
Sign in with Steam
Match 28805844
Unlisted
Match 28805844
Overview
Messages
Build Orders
End
Construct Infanterie Kompanie
Selects Luftwaffe Battlegroup
Selects Luftwaffe Pioneer Support
Fallschirmpioneer Squad Paradrop
Grenadier Squad
Grenadier Squad
Construct Luftwaffe Kompanie
Grenadier Squad
Jäger Squad
Jäger Squad
221 Scout Car
Medical Station
Selects Stuka Strafing Run
Selects Fallschirmjäger Squad Paradrop
AI Takeover
*=REDPIG=*
Maschinengewehr42
NamGom
稀里哗啦
Friendly Mouse(Poxie)
IM DOING MY PART
Butomorgen
gameing
0
0
Comments
sign in to comment!
No comments posted yet!